 Dungeon Crawl Stone Soup version 0.17.1-3-g152610e (webtiles) character file.

5 Kaname the Grave Robber (level 1, -2/16 HPs)
             Began as a Demigod Wanderer on Mar 9, 2016.
             Slain by a hobgoblin
             ... wielding a cursed +0 club
              (5 damage)
             ... on level 1 of the Dungeon.
             The game lasted 00:03:14 (293 turns).

Kaname the Grave Robber (Demigod Wanderer)           Turns: 293, Time: 00:03:14

Health: -2/16      AC:  2    Str: 17    XL:     1   Next: 53%
Magic:  0/4        EV: 11    Int: 15    God:
Gold:   8          SH:  0    Dex: 14    Spells: 1 memorised, 1 level left

rFire  . . .     SeeInvis .     e - +0 club
rCold  . . .     Clarity  .     d - +0 robe
rNeg   . . .     SustAt   +     (no shield)
rPois  .         Gourm    .     (no helmet)
rElec  .         Spirit   .     (no cloak)
rCorr  .         Warding  .     (no gloves)
rMut   .         Stasis   .     (no boots)
MR     .....                    (no amulet)
Stlth  +.........               (no ring)
                                (no ring)

@: very slightly contaminated, not resistant to hostile enchantments, very
unstealthy
A: high mp 1, sustain attributes
a: no special abilities


You were on level 1 of the Dungeon.
You were not hungry.

You visited 1 branch of the dungeon, and saw 1 of its levels.

You collected 8 gold pieces.

Inventory:

Hand Weapons
 e - a +0 club (weapon)
Armour
 d - a +0 robe (worn)
Scrolls
 h - a scroll of fear {unknown}
Books
 a - a book of Necromancy

   Spells                             Type                      Level
   a - Pain                           Necromancy                   1
   b - Animate Skeleton               Necromancy                   1
   c - Vampiric Draining              Necromancy                   3
   d - Regeneration                   Charms/Necromancy            3
   e - Animate Dead                   Necromancy                   4
   f - Control Undead                 Necromancy                   4
 b - the Grimoire of Flames

   Spells                             Type                      Level
   a - Flame Tongue                   Conjuration/Fire             1
   b - Ignite Poison                  Fire/Transmutation/Poison    3
 c - Puxit's Almanac of Slavery

   Spells                             Type                      Level
   a - Summon Small Mammal            Summoning                    1
   b - Call Imp                       Summoning                    2
Comestibles
 f - a bread ration


   Skills:
 - Level 1.0 Fighting
 - Level 1.0 Throwing
 - Level 1.7 Armour
 - Level 1.0 Spellcasting
 + Level 0.0 Conjurations
   Level 1.7 Summonings
   Level 2.6 Necromancy
   Level 1.0 Evocations


You had one spell level left.
You knew the following spells:

 Your Spells              Type           Power        Failure   Level  Hunger
a - Flame Tongue          Conj/Fire      #....        28%         1    ##.....


Dungeon Overview and Level Annotations

Branches:
Dungeon (1/15)


Innate Abilities, Weirdness & Mutations

You have an increased reservoir of magic (+10% MP).
Your attributes are resistant to harm.


Message History

The flame tongue hits the hobgoblin.
The hobgoblin is almost dead.
Casting: Flame Tongue
Confirm with . or Enter, or press ? or * to list all spells.
Aiming: Flame Tongue
Press: ? - help, Shift-Dir - straight line, f/p - hobgoblin
Aim: a hobgoblin, wielding a club and wearing a scale mail (almost dead)
The flame tongue hits the hobgoblin.
The hobgoblin appears unharmed.
The hobgoblin is almost dead.
The hobgoblin closely misses you.
Casting: Flame Tongue
Confirm with . or Enter, or press ? or * to list all spells.
Aiming: Flame Tongue
Press: ? - help, Shift-Dir - straight line, f/p - hobgoblin
Aim: a hobgoblin, wielding a club and wearing a scale mail (almost dead)
The flame tongue misses the hobgoblin.
The hobgoblin misses you.
You hit the hobgoblin but do no damage.
The hobgoblin is almost dead.
The hobgoblin hits you with a club.
You die...

.≈≈≈≈≈≈≈.....#.......#.?.#
≈≈≈...≈≈≈≈...........###..#
≈≈..<..≈≈≈≈≈..#.....####..##
≈≈≈(..≈≈≈≈....######........
.≈≈≈≈≈≈≈.....#...............
≈..≈≈≈..≈...#######.###.......
....≈.(..≈†.8# #.# ......
.#..≈..#.....#####..# ###
###...####....##@..##
##.#######..##g###
...............#
#####......###### #......
#...... ##....# #####


You could see a hobgoblin.

Vanquished Creatures
  2 goblins (D:1)
  A hobgoblin (D:1)
  A bat (D:1)
  A giant newt (D:1)
5 creatures vanquished.

Notes
Turn   | Place    | Note
--------------------------------------------------------------
     0 | D:1      | Kaname the Demigod Wanderer began the quest for the Orb.
     0 | D:1      | Kaname set off with: a book of Necromancy, the Grimoire of Flames, Puxit's Almanac of Slavery, a +0 robe, a +0 club, a bread ration
     0 | D:1      | Reached XP level 1. HP: 16/16 MP: 3/3
     0 | D:1      | Identified the Grimoire of Flames
     0 | D:1      | Identified Puxit's Almanac of Slavery
   223 | D:1      | Reached skill level 1 in Spellcasting
   263 | D:1      | Learned a level 1 spell: Flame Tongue
   293 | D:1      | Slain by a hobgoblin

Action                   || total
-------------------------++-------
Melee: Club              ||    27
 Cast: Flame Tongue      ||     4
